 Dungeon Crawl Stone Soup version 0.27.1 (webtiles) character file.

Game seed: 15838556798496733357

294 Descartes the Stinger (level 6, 0/32 HPs)
             Began as a Deep Elf Venom Mage on Sept 3, 2021.
             Slain by a water moccasin zombie (10 damage)
             ... in an ossuary.
             The game lasted 00:09:50 (3838 turns).

Descartes the Stinger (Deep Elf Venom Mage)         Turns: 3838, Time: 00:09:51

Health: 0/32       AC:  8    Str:  7    XL:     6   Next: 11%
Magic:  14/14      EV: 10    Int: 20    God:
Gold:   166        SH:  0    Dex: 15    Spells: 8/13 levels left

rFire    . . .     SeeInvis +   o - +3 quarterstaff (chaos)
rCold    . . .     Faith    .   (shield currently unavailable)
rNeg     . . .     Spirit   .   b - +0 ring mail
rPois    +         Reflect  .   (no helmet)
rElec    .         Harm     .   p - +2 cloak {rPois}
rCorr    .         Rampage  .   (no gloves)
Will     .....                  (no boots)
Stlth    ++........             (no amulet)
HPRegen  0.10/turn              j - ring of see invisible
MPRegen  0.14/turn              (no ring)

@: no status effects
A: no striking features
a: no special abilities


You were in an ossuary.
You visited 1 branch of the dungeon, and saw 4 of its levels.
You also visited: Ossuary.

You collected 166 gold pieces.

Inventory:

Hand Weapons
 c - a +0 hunting sling
 m - a +0 dagger of draining
 o - a +3 quarterstaff of chaos (weapon)
 t - a +0 dagger of electrocution
Missiles
 g - 74 stones
 h - 17 bolts
Armour
 a - a +0 robe
 b - a +0 ring mail (worn)
 p - a +2 cloak of poison resistance (worn)
Jewellery
 j - a ring of see invisible (left hand)
Wands
 q - a wand of acid (6)
Scrolls
 e - a scroll of immolation
 l - a scroll of holy word
 r - a scroll of vulnerability
 s - a scroll of teleportation
Potions
 d - a potion of lignification {unknown}
 i - a potion of curing {unknown}
 k - a potion of resistance {unknown}
 n - 2 potions of flight {unknown}


   Skills:
 + Level 1.3 Staves
 + Level 3.7 Dodging
 + Level 4.0 Stealth
 + Level 4.2 Spellcasting
 + Level 2.7 Transmutations
 * Level 5.0 Poison Magic


You had 8 spell levels left.
You knew the following spells:

 Your Spells              Type           Power      Damage    Failure   Level
a - Sting                 Tmut/Pois      76%        1d6       9%          1
b - Olgreb's Toxic Radia  Pois           24%        N/A       50%         4

Your spell library contained the following spells:

 Spells                   Type           Power      Damage    Failure   Level
 Poisonous Vapours        Pois/Air       28%        N/A       24%         2
 Mephitic Cloud           Conj/Pois/Air  10%        N/A       56%         3


Dungeon Overview and Level Annotations

Branches:
Dungeon (4/15)            Ossuary (1/1)
 Temple: D:4-7

Altars:
Hepliaklqana
Nemelex Xobeh
Wu Jian
Xom
The Shining One

Shops:
D:3 (=


Message History

Your Poison Magic skill increases to level 5!
You have reached level 6!
Your experience leads to an increase in your attributes!
Increase (S)trength, (I)ntelligence, or (D)exterity?
You feel stronger.
You thump the hobgoblin zombie! You burn the hobgoblin zombie.
You destroy the hobgoblin zombie!
You barely miss the adder zombie. The adder zombie barely misses you.
The adder zombie closely misses you.
You barely miss the adder zombie.
The adder zombie bites you but does no damage.
You closely miss the adder zombie. The adder zombie closely misses you.
You barely miss the adder zombie.
The adder zombie bites you but does no damage. x2
You thump the adder zombie!
The adder zombie seems to grow stronger.
The adder zombie is severely damaged.
The adder zombie misses you.
You hit the adder zombie.
The adder zombie is almost destroyed.
The adder zombie bites you. The adder zombie barely misses you.
You hit the adder zombie.
You destroy the adder zombie!
You sock the water moccasin zombie!
The water moccasin zombie is lightly damaged.
The water moccasin zombie bites you.
The water moccasin zombie closely misses you.
You thump the water moccasin zombie!
The water moccasin zombie is moderately damaged.
The water moccasin zombie bites you.
You hit the water moccasin zombie.
The water moccasin zombie seems to slow down.
The water moccasin zombie is heavily damaged.
The water moccasin zombie bites you.
You thump the water moccasin zombie!
The water moccasin zombie seems to grow stronger.
The water moccasin zombie is severely damaged.
The water moccasin zombie is no longer moving slowly.
The water moccasin zombie bites you!
You die...

####################
#∩..'...'....#...#..
#...#...#....'...#..
#...#...#....#...'..
#'##################
#...# #.. #...# #..
#...# #.. #..@# #..
###Z# #'# #..Z# #..
#...# #.. #...# #..
#...# #.. ###+# #'#
#.. ### #####..


You could see a water moccasin zombie (strong) and a hobgoblin zombie.

Vanquished Creatures
  2 water moccasin zombies (Ossuary)
  Crazy Yiuf (D:3)
  3 gnolls (D:3)
  2 adders (D:2)
  7 adder zombies (Ossuary)
  2 worms
  A dart slug (D:3)
  5 orcs
  6 ball pythons
  4 bats (D:1)
  2 endoplasms
  A giant cockroach (D:1)
  4 hobgoblins
  4 jackals (D:2)
  8 kobolds
  5 quokkas
  3 frilled lizards
  2 gnoll zombies (Ossuary)
  4 goblins
  6 hobgoblin zombies (Ossuary)
  4 kobold zombies (Ossuary)
  4 orc zombies (Ossuary)
  10 rats
90 creatures vanquished.

Notes
Turn   | Place    | Note
-------+----------+-------------------------------------------
     0 | D:1      | Descartes the Deep Elf Venom Mage began the quest for the
                  | Orb.
     0 | D:1      | Reached XP level 1. HP: 10/10 MP: 6/6
   263 | D:1      | Reached XP level 2. HP: 15/15 MP: 6/8
  1157 | D:2      | Found a faded altar of an unknown god.
  1164 | D:2      | Reached XP level 3. HP: 19/19 MP: 5/9
  1405 | D:2      | You fall into a shaft and drop 1 floor!
  1438 | D:3      | Found a runed translucent door.
  1439 | D:3      | Noticed Crazy Yiuf
  1459 | D:3      | Killed Crazy Yiuf
  1460 | D:3      | Reached skill level 4 in Poison Magic
  1460 | D:3      | Reached XP level 4. HP: 24/24 MP: 7/11
  1641 | D:3      | Found Ythrawn's Weapon Emporium.
  1962 | D:3      | Found Lenk's Jewellery Boutique.
  2058 | D:3      | Learned a level 4 spell: Olgreb's Toxic Radiance
  2063 | D:3      | Found a hazy altar of Hepliaklqana.
  2063 | D:3      | Found a faded altar of an unknown god.
  2072 | D:3      | Found a shimmering altar of Xom.
  2074 | D:3      | Found an ornate altar of the Wu Jian Council.
  2076 | D:3      | Found a sparkling altar of Nemelex Xobeh.
  2461 | D:3      | Found a glowing golden altar of the Shining One.
  2906 | D:2      | Reached XP level 5. HP: 28/28 MP: 7/12
  3490 | D:4      | Found a sand-covered staircase.
  3504 | Ossuary  | Entered an ossuary
  3772 | Ossuary  | Reached skill level 1 in Staves
  3827 | Ossuary  | Reached skill level 5 in Poison Magic
  3827 | Ossuary  | Reached XP level 6. HP: 23/32 MP: 14/14
  3838 | Ossuary  | Slain by a water moccasin zombie

Illustrated notes

Levels and vault maps discovered:
D:1:      minmay_arrival_diagonal_passages, layout_loops_ring
D:2:      layout_basic, basic_ecumenical_altar
D:3:      layout_basic, chequers_temple_overflow_minitemple, tso_oasis_becter,
          serial_shops, nicolae_shop_temple_entry_statues_fountains,
          shop_fountains, small_statue_intersection, uniq_crazy_yiuf_cottage
D:4:      layout_gridville, fedhas_ov_isle_minmay, nicolae_ossuary_entry_ruins,
          uniq_grinder, uniq_duvessa
Ossuary:  ossuary_tomb_2

Skill      XL: |  1  2  3  4  5 |
---------------+----------------+-----
Stealth        | 3 4 |  4.0
Dodging        | 3 |  3.7
Poison Magic   | 4 5 |  5.0
Transmutations | 2 |  2.7
Staves         | 1 |  1.3
Spellcasting   | 4 |  4.2

Action                   |  1- 3 |  4- 6 || total
-------------------------+-------+-------++-------
Melee: Quarterstaff      |       |   100 ||   100
 Cast: Sting             |    68 |    55 ||   123
       Olgreb's Toxic Ra |       |     2 ||     2
  Use: Scroll            |       |     5 ||     5
 Stab: Petrified         |       |     4 ||     4
       Sleeping          |       |     1 ||     1
Armor: Robe              |     2 |    10 ||    12
       Ring mail         |       |    28 ||    28
Dodge: Dodged            |    10 |    55 ||    65
